 Dungeon Crawl Stone Soup version 0.23.2 (webtiles) character file.

Game seed: 15995090846776250761

56 Menchi the Gusty (level 3, -9/19 HPs)
             Began as a Tengu Air Elementalist on Apr 4, 2019.
             Killed by nerve-wracking pain
             ... invoked by an orc priest
              (12 damage)
             ... on level 4 of the Dungeon.
             The game lasted 00:09:51 (2909 turns).

Menchi the Gusty (Tengu Air Elementalist)           Turns: 2909, Time: 00:09:52

Health: -9/19      AC:  3    Str: 11    XL:     3   Next: 95%
Magic:  3/7        EV: 12    Int: 15    God:
Gold:   287        SH:  0    Dex: 14    Spells: 5/6 levels left

rFire    + . .     SeeInvis .   s - +3 morningstar of Arrufol {freeze, rF+ Str+2 Stlth-}
rCold    . . .     Gourm    .   (no shield)
rNeg     . . .     Faith    .   k - +0 leather armour
rPois    .         Spirit   .   (helmet restricted)
rElec    .         Reflect  .   (no cloak)
rCorr    .         Harm     .   (no gloves)
MR       .....                  (boots unavailable)
Stlth    +.........             (no amulet)
HPRegen  0.06/turn              r - ring of flight
MPRegen  0.10/turn              (no ring)

@: very slightly contaminated
A: beak, talons 3
a: Evoke Flight


You were on level 4 of the Dungeon.
You were near starving.

You visited 1 branch of the dungeon, and saw 4 of its levels.

You collected 287 gold pieces.

Inventory:

Hand Weapons
 o - a +2 dagger of electrocution
 s - the +3 morningstar of Arrufol (weapon) {freeze, rF+ Str+2 Stlth-}
   (You found it on level 4 of the Dungeon)

   It has been specially enchanted to freeze those struck by it, causing extra
   injury to most foes and up to half again as much damage against particularly
   susceptible opponents.
   It can also slow down cold-blooded creatures.
   It affects your strength (+2).
   It protects you from fire.
   It makes you less stealthy.
Armour
 a - a +0 robe
 k - a +0 leather armour (worn)
 l - a +0 buckler
Jewellery
 r - a ring of flight (left hand)
Scrolls
 d - a scroll of immolation
 g - 4 scrolls of identify
 h - a scroll of noise
 n - a scroll of teleportation {unknown}
 p - a scroll of amnesia {unknown}
 q - a scroll of fear {unknown}
Potions
 b - 2 potions of curing
 e - a potion of might {unknown}
 f - 2 potions of flight {unknown}
 i - a potion of berserk rage {unknown}
 j - 4 potions of haste {unknown}
 m - a potion of magic {unknown}
Comestibles
 c - 9 rations


   Skills:
 + Level 0.4 Armour
 + Level 2.6 Dodging
 - Level 2.0 Stealth
 * Level 0.1 Shields
 + Level 2.2 Spellcasting
 * Level 2.4 Conjurations
 * Level 5.1 Air Magic


You had 5 spell levels left.
You knew the following spells:

 Your Spells              Type           Power        Failure   Level  Hunger
a - Shock                 Conj/Air       ##..         6%          1    #......

Your spell library contained the following spells:

 Spells                   Type           Power        Failure   Level  Hunger
 Swiftness                Chrm/Air       #.......     16%         2    ###....
 Static Discharge         Conj/Air       ##......     19%         3    ###....
 Airstrike                Air            ###.......   32%         4    #####..
 Lightning Bolt           Conj/Air       ##........   86%         5    ######.


Dungeon Overview and Level Annotations

Branches:
Dungeon (4/15)
 Temple: D:4-7

Altars:


Innate Abilities, Weirdness & Mutations

You have a beak for a mouth.
You have claws for feet.


Message History

Ouch! That really hurt!
* * * LOW HITPOINT WARNING * * *
The orc barely misses you.
The frilled lizard unfolds its giant frill.
You feel better. The orc hits you.
You sock the orc! You freeze the orc.
You kill the orc!
The orc priest miscasts a cantrip.
The orc hits you.
* * * LOW HITPOINT WARNING * * *
You closely miss the orc priest.
The orc priest is moderately wounded.
The orc barely misses you. The orc priest closely misses you.
An orc comes into view.
The orc hits you.
* * * LOW HITPOINT WARNING * * *
The orc priest mumbles some strange prayers to Beogh against you.
Pain shoots through your body!
Ouch! That really hurt!
You die...

.....#........####..##.
......#........##....#..
.....................#..
.....................#..
..................#..#..
..........##.....#..#..
..........###.......#..
..##.....# #.......#..
#.@...# ....#......
#.oo[..##....##....
.....l#### .........
......... .........o
.......... .......[...


You could see an orc priest, 2 orcs and a frilled lizard.

Vanquished Creatures
  An adder (D:2)
  A dart slug (D:1)
  2 orcs (D:4)
  A ball python (D:4)
  2 bats
  3 giant cockroaches
  8 goblins
  5 hobgoblins
  4 jackals (D:3)
  2 frilled lizards (D:1)
  3 kobolds
  6 rats
38 creatures vanquished.

Notes
Turn   | Place    | Note
-------+----------+-------------------------------------------
     0 | D:1      | Menchi the Tengu Air Elementalist began the quest for the
                  | Orb.
     0 | D:1      | Reached XP level 1. HP: 10/10 MP: 4/4
   371 | D:1      | Reached XP level 2. HP: 15/15 MP: 6/6
  1236 | D:2      | Reached skill level 5 in Air Magic
  1236 | D:2      | Reached XP level 3. HP: 1/19 MP: 0/7
  2853 | D:4      | Got a steaming morningstar
  2854 | D:4      | Identified the +3 morningstar of Arrufol {freeze, rF+ Str+2
                  | Stlth-} (You found it on level 4 of the Dungeon)
  2909 | D:4      | Killed from afar by an orc priest

Skill      XL: |  1  2 |
---------------+-------+-----
Conjurations   | 2 |  2.4
Air Magic      | 5 |  5.1
Armour         | |  0.4
Dodging        | |  2.6
Stealth        | |  2.0
Shields        | |  0.1
Spellcasting   | |  2.2

Action                   || total
-------------------------++-------
Melee: Unarmed           ||    72
       Kick              ||    21
       Peck              ||    10
       Dagger            ||    18
       Morningstar       ||     3
 Cast: Shock             ||    24
  Use: Scroll            ||     3
       Potion            ||     2
 Stab: Sleeping          ||     2
  Eat: Chunk             ||     5
Armor: Robe              ||     2
       Leather armour    ||    15
Dodge: Dodged            ||    62
